 Dungeon Crawl Stone Soup version 0.24.0-123-gd5b16e6ec5 (webtiles) character file.

Game seed: 5713798594908497873, levelgen mode: deterministic

88 Elellon the Cudgeler (level 4, -6/28 HPs)
             Began as a Gargoyle Fighter on Jan 21, 2020.
             Mangled by Sigmund
             ... wielding a +0 scythe
              (10 damage)
             ... on level 2 of the Dungeon.
             The game lasted 00:01:40 (1409 turns).

Elellon the Cudgeler (Gargoyle Fighter)             Turns: 1409, Time: 00:01:40

Health: -6/28      AC: 11    Str: 20    XL:     4   Next: 53%
Magic:  4/4        EV:  7    Int:  9    God:
Gold:   87         SH:  0    Dex:  9    Spells: 3/3 levels left

rFire    . . .     SeeInvis .   a - +0 flail
rCold    . . .     Gourm    .   c - +0 shield
rNeg     + . .     Faith    .   b - +0 scale mail
rPois    ∞         Spirit   .   g - +0 helmet
rElec    +         Reflect  .   (no cloak)
rCorr    .         Harm     .   (no gloves)
MR       .....                  (no boots)
Stlth    ..........             (no amulet)
HPRegen  0.09/turn              (no ring)
MPRegen  0.09/turn              (no ring)

@: confused
A: negative energy resistance 1, electricity resistance, unbreathing,
petrification resistance, rot immunity, AC +3
a: no special abilities


You were on level 2 of the Dungeon.
You were not hungry.

You visited 1 branch of the dungeon, and saw 2 of its levels.

You collected 87 gold pieces.

Inventory:

Hand Weapons
 a - a +0 flail (weapon)
Armour
 b - a +0 scale mail (worn)
 c - a +0 shield (worn)
 g - a +0 helmet (worn)
Jewellery
 l - an uncursed ring of magical power {unknown}
Scrolls
 i - a scroll of enchant weapon {unknown}
 j - 2 scrolls of magic mapping {unknown}
 k - 3 scrolls of identify {unknown}
Potions
 d - a potion of might
 e - a potion of curing {unknown}
 m - a potion of magic {unknown}
 n - 2 potions of resistance {unknown}
Comestibles
 f - 2 rations


   Skills:
 - Level 3.2 Fighting
 + Level 4.6 Maces & Flails
 - Level 3.2 Armour
 - Level 3.2 Shields


You had 3 spell levels left.
You didn't know any spells.
Your spell library was empty.

Dungeon Overview and Level Annotations

Branches:
Dungeon (2/15)

Altars:
Qazlal

Annotations:
D:2 Sigmund


Innate Abilities, Weirdness & Mutations

You are resistant to torment.
Your stone body is resilient. (AC +3)
You are immune to poison.
You resist negative energy. (rN+)
You are resistant to electric shocks. (rElec)
You can survive without breathing.
You are immune to petrification.
You are immune to rotting.


Message History

You block the goblin's attack.
You hit something. The goblin hits you but does no damage.
Something hits you but does no damage.
You miss something. The goblin barely misses you. Something hits you.
* * * LOW HITPOINT WARNING * * *
You sock something! You block the goblin's attack.
You miss something. You block something's attack.
You block the goblin's attack.
You closely miss something. The goblin hits you but does no damage.
You hear some strange, mumbled words.
You are confused.
You bump into the rock wall.
The goblin hits you but does no damage. Something hits you but does no damage.
You closely miss something. The goblin barely misses you. Something hits you.
* * * LOW HITPOINT WARNING * * *
The goblin hits you but does no damage.
You miss something.
A goblin comes into view.
Something hits you!
You die...

##....##.......# #.. .#
#...######...#####.# #.#
....# #.........# ....
....######...#####.# ....#
.##................##....#
.##...............g....#..
...................g......
.#########...#####.#. .#
#...))g@{.# .# #...#######
.# #...# ### #...# #####
#.##### #...###...#
.#....# ##......#.#
#####.######.###...# #
####.##.......#..###
###..##.####.##......#


You could see 2 goblins.

Vanquished Creatures
  Robin (D:2)
  An adder (D:2)
  3 dart slugs (D:1)
  2 leopard geckos (D:2)
  A giant cockroach (D:1)
  9 hobgoblins
  4 jackals (D:1)
  A quokka (D:2)
  A ball python (D:1)
  3 bats
  A frilled lizard (D:2)
  18 goblins
  7 kobolds
  3 rats
55 creatures vanquished.

Notes
Turn   | Place    | Note
-------+----------+-------------------------------------------
     0 | D:1      | Elellon the Gargoyle Fighter began the quest for the Orb.
     0 | D:1      | Reached XP level 1. HP: 14/14 MP: 1/1
    63 | D:1      | Reached XP level 2. HP: 14/19 MP: 2/2
   213 | D:1      | Reached skill level 3 in Maces & Flails
   493 | D:1      | Reached XP level 3. HP: 22/23 MP: 3/3
   818 | D:2      | Reached skill level 4 in Maces & Flails
  1172 | D:2      | Reached XP level 4. HP: 22/28 MP: 4/4
  1227 | D:2      | Found a stormy altar of Qazlal.
  1318 | D:2      | Noticed Robin
  1371 | D:2      | Noticed Sigmund
  1383 | D:2      | Killed Robin
  1409 | D:2      | Mangled by Sigmund

Levels and vault maps discovered:
D:1:      doesnt_arrival_eight_statues, layout_rooms, minmay_misc_feat_iff
D:2:      layout_loops_cross, marbit_many_paths, due_unseen_surprise,
          uniq_sigmund, uniq_robin

Skill      XL: |  1  2  3 |
---------------+----------+-----
Maces & Flails | 3 4 |  4.6
Fighting       | |  3.2
Armour         | |  3.2
Shields        | |  3.2

Action                   |  1- 3 |  4- 6 || total
-------------------------+-------+-------++-------
Melee: Flail             |   140 |    92 ||   232
  Eat: Chunk             |     1 |     1 ||     2
Armor: Scale mail        |   111 |    72 ||   183
Dodge: Dodged            |    58 |    28 ||    86
Block: Shield            |    94 |    47 ||   141
